 Dungeon Crawl Stone Soup version 0.28-a0-661-g144af121cd (webtiles) character file.

Game seed: 16206462400930219661

1842 BlueGoblin the Nimble (level 9, -1/54 HPs)
             Began as an Octopode Brigand on Oct 14, 2021.
             Was an Initiate of Gozag.
             Slain by a yak (14 damage)
             ... on level 8 of the Dungeon.
             The game lasted 00:16:47 (9444 turns).

BlueGoblin the Nimble (Octopode Brigand)            Turns: 9444, Time: 00:16:47

Health: -1/54      AC:  1    Str: 10    XL:     9   Next: 12%
Magic:  9/9        EV: 20    Int: 13    God:    Gozag
Gold:   475        SH:  0    Dex: 17    Spells: 8/8 levels left

rFire   . . .      SeeInvis +   b - +3 dagger (protect)
rCold   . . .      Faith    .   (no shield)
rNeg    . . .      Spirit   .   (helmet restricted)
rPois   .          Reflect  .   (no amulet)
rElec   .          Harm     .   d - ring of see invisible
rCorr   .          Rampage  .   (no ring)
Will    .....                   (no ring)
Stlth   ++++......              (no ring)
HPRegen 0.18/turn               (no ring)
MPRegen 0.11/turn               (no ring)
                                (no ring)
                                (no ring)

@: no status effects
A: almost no armour, amphibious, 8 rings, camouflage 1, gelatinous body 1,
(nimble swimmer 1), tentacles
a: Renounce Religion, Potion Petition, Call Merchant, Bribe Branch


You were on level 8 of the Dungeon.
You worshipped Gozag.
Gozag was aware of your devotion.
You visited 2 branches of the dungeon, and saw 9 of its levels.

You collected 767 gold pieces.
You paid 292 gold pieces to Gozag.

Inventory:

Hand Weapons
 a - a +2 dagger
 b - a +3 dagger of protection (weapon)
Missiles
 c - 4 curare-tipped darts
 e - 31 poisoned darts (quivered)
 f - a throwing net
Jewellery
 d - a ring of see invisible (left tentacle)
 x - a ring of wizardry
Wands
 k - a wand of polymorph (6)
 w - a wand of mindburst (9)
Scrolls
 h - 3 scrolls of magic mapping
 l - 2 scrolls of teleportation
 n - a scroll of blinking
 r - a scroll of amnesia
Potions
 g - 2 potions of flight
 i - 2 potions of lignification
 j - a potion of might {unknown}
 o - 2 potions of haste
 p - a potion of degeneration {unknown}
 q - a potion of ambrosia
 s - a potion of berserk rage


   Skills:
 - Level 2.0 Fighting
 - Level 2.0 Short Blades
 - Level 2.0 Throwing
 * Level 11.5 Dodging
 - Level 5.3 Stealth


You had 8 spell levels left.
You didn't know any spells.
Your spell library contained the following spells:

 Spells                   Type           Power      Damage    Failure   Level
 Summon Small Mammal      Summ           0%         N/A       30%         1
 Corpse Rot               Necr/Air       N/A        N/A       43%         2
 Call Canine Familiar     Summ           0%         N/A       67%         3
 Summon Guardian Golem    Hex/Summ       0%         N/A       67%         3
 Dispel Undead            Necr           0%         3d6       97%         4
 Blade Hands              Tmut           0%         N/A       100%        5
 Irradiate                Conj/Tmut      0%         3d14      100%        5
 Death Channel            Necr           0%         N/A       100%        6
 Dragon Form              Tmut           0%         N/A       100%        7


Dungeon Overview and Level Annotations

Branches:
Dungeon (8/15)             Temple (1/1) D:4
   Lair: D:8-11

Altars:
Ashenzari
Cheibriados
Dithmenos
Elyvilon
Fedhas
Gozag
Hepliaklqana
Kikubaaqudgha
Makhleb
Nemelex Xobeh
Okawaru
Qazlal
Ru
Sif Muna
Trog
Uskayaw
Vehumet
Wu Jian
Xom
Yredelemnul
Zin
The Shining One

Shops:
D:1 =


Innate Abilities, Weirdness & Mutations

You cannot wear most types of armour.
You are amphibious.
You can wear up to eight rings at the same time.
Your skin changes colour to match your surroundings (Stealth+).
Your rubbery body absorbs attacks. (AC +1, EV +1)
((You are camouflaged near water. (Stealth+)))
You have tentacles for arms and can constrict up to eight enemies at once.


Message History

The yak gores you!
You hit the yak.
Your weapon exudes an aura of protection.
You squeeze the yak!
The yak is almost dead.
The yak barely misses you.
You closely miss the yak.
The yak is almost dead.
You hit the yak. Your squeeze misses the yak.
The yak is lightly wounded.
There is a stone staircase leading up here.
You hit the yak.
Your weapon exudes an aura of protection.
You squeeze the yak.
The yak is moderately wounded.
The yak gores you but does no damage.
You barely miss the yak. You squeeze the yak.
The yak is moderately wounded.
The yak misses you.
You hit the yak. You squeeze the yak.
The yak is heavily wounded.
The yak gores you but does no damage.
You barely miss the yak.
The yak is heavily wounded.
The yak barely misses you.
You barely miss the yak. Your squeeze misses the yak.
The yak is heavily wounded.
The yak misses you.
You hit the yak.
The yak is heavily wounded.
The yak gores you!
You hit the yak.
The yak is heavily wounded.
The yak gores you!
* * * LOW HITPOINT WARNING * * *
The yak bellows! x2
The yak bellows!
The yak gores you!
You die...
Your body crumbles into a pile of gold.

#### ####...###
#........#### ###
..........#.#####.#
..........Y#..##.##
.......YY..##.Y..#
........Y@.####.##
.....>.....# #.#
...........# #Y#
....(......# #.#
...........# #Y#
..........## #Y#
..........# #Y##
.Y.......## ##Y#
########## #.#


You could see 4 yaks.

Vanquished Creatures
  Sigmund (D:3)
  A wyvern (D:7)
  A water moccasin (D:5)
  A necrophage (D:3)
  An ogre (D:6)
  A centaur (D:6)
  2 kobold brigands (D:7)
  Blork the orc (D:5)
  2 bullfrogs (D:7)
  A gnoll sergeant (D:5)
  3 scorpions
  A centaur zombie (D:7)
  2 jellies
  An orc priest (D:6)
  A centaur skeleton (D:5)
  An iguana (D:7)
  2 scorpion zombies (D:4)
  Natasha (thrice) (D:3)
  3 orc wizards
  10 gnolls
  2 howler monkey zombies
  5 adders
  A white imp (D:6)
  2 adder zombies (D:4)
  2 adder skeletons (D:4)
  5 worms
  2 dart slugs
  17 orcs
  5 ball pythons
  7 bats
  4 endoplasms
  5 giant cockroaches
  6 goblins
  11 hobgoblins
  8 jackals
  4 quokkas
  2 frilled lizards
  4 kobolds
  A quokka zombie (D:4)
  10 rats
142 creatures vanquished.

Notes
Turn   | Place    | Note
-------+----------+-------------------------------------------
     0 | D:1      | BlueGoblin the Octopode Brigand began the quest for the
                  | Orb.
     0 | D:1      | Reached XP level 1. HP: 14/14 MP: 1/1
    45 | D:1      | Found a faded altar of an unknown god.
   326 | D:1      | Reached skill level 2 in Dodging
   326 | D:1      | Reached XP level 2. HP: 19/19 MP: 2/2
   530 | D:1      | Found Dotya's Jewellery Shoppe.
  1223 | D:2      | Reached XP level 3. HP: 24/24 MP: 3/3
  1231 | D:2      | Reached skill level 3 in Dodging
  1414 | D:2      | Reached XP level 4. HP: 16/29 MP: 4/4
  1799 | D:2      | Reached skill level 4 in Dodging
  2215 | D:3      | Noticed Sigmund
  2698 | D:3      | Killed Sigmund
  2699 | D:3      | Reached skill level 5 in Dodging
  2699 | D:3      | Reached XP level 5. HP: 34/34 MP: 5/5
  2839 | D:3      | Noticed a necrophage
  2845 | D:3      | Killed a necrophage
  2846 | D:3      | Reached skill level 6 in Dodging
  2846 | D:3      | Reached XP level 6. HP: 39/39 MP: 6/6
  2876 | D:3      | Noticed Natasha
  2883 | D:3      | Killed Natasha
  3050 | D:3      | Noticed Natasha
  3061 | D:3      | Killed Natasha
  3135 | D:3      | Noticed Natasha
  3235 | D:3      | Killed Natasha
  3548 | D:4      | Found a staircase to the Ecumenical Temple.
  3595 | Temple   | Entered the Ecumenical Temple
  4404 | Temple   | Became a worshipper of Gozag Ym Sagoz the Greedy
  4565 | D:4      | Reached skill level 7 in Dodging
  4569 | D:4      | Reached XP level 7. HP: 42/45 MP: 7/7
  5348 | D:5      | Entered Level 5 of the Dungeon
  5592 | D:5      | Reached skill level 8 in Dodging
  6047 | D:5      | Noticed Blork the orc
  6051 | D:5      | Killed Blork the orc
  6052 | D:5      | Reached XP level 8. HP: 50/50 MP: 8/8
  6552 | D:6      | Reached skill level 9 in Dodging
  7166 | D:6      | Found a blossoming altar of Fedhas.
  7886 | D:6      | Reached skill level 10 in Dodging
  8993 | D:7      | Reached skill level 11 in Dodging
  9065 | D:7      | Reached XP level 9. HP: 54/54 MP: 9/9
  9444 | D:8      | Slain by a yak

Illustrated notes

Levels and vault maps discovered:
D:1:      minmay_arrival_checkered_box, layout_basic, serial_shops, shop,
          shapermc_ecumenical_altar_pompeii, minivault_23
D:2:      layout_loops_ring
D:3:      layout_loops_ring, chequers_serial_rivers_room_a, uniq_natasha,
          uniq_sigmund
D:4:      layout_basic, minmay_temple_entry_tees, serial_undead,
          serial_undead_a, serial_undead_f, serial_undead_f, serial_undead_d,
          serial_bayou_pond_c
D:5:      layout_basic, ebering_dispersal_statue_hall, uniq_blork_the_orc
D:6:      layout_gridville, fedhas_altar_fruit_tree, gup_sewer_entry_bubbles
D:7:      wad_river_or_something, layout_rooms, serial_curves, eino_curves_02,
          eino_curves_01, kennysheep_dice
D:8:      layout_cave_pods, uniq_joseph
Temple:   nicolae_temple_the_god_donut

Skill      XL: |  1  2  3  4  5  6  7  8 |
---------------+-------------------------+-----
Dodging        | 2 3 5 6 7 8 11 | 11.5
Fighting       | |  2.0
Short Blades   | |  2.0
Throwing       | |  2.0
Stealth        | |  5.3

Action                   |  1- 3 |  4- 6 |  7- 9 || total
-------------------------+-------+-------+-------++-------
Melee: Dagger            |    63 |    95 |   228 ||   386
       Constrict         |    20 |    23 |    39 ||    82
       Tentacles         |    11 |    20 |    52 ||    83
Throw: Dart              |       |     7 |     2 ||     9
Invok: Potion Petition   |       |       |     1 ||     1
  Use: Scroll            |       |     3 |    13 ||    16
 Stab: Sleeping          |     8 |    15 |    22 ||    45
       Distracted        |     1 |     1 |     2 ||     4
Armor: Skin              |     5 |    13 |    40 ||    58
Dodge: Dodged            |    39 |    55 |   218 ||   312

Table legend: (Time is in decaauts)
 A = Elapsed time spent in this place.
 B = Non-inter-level travel time spent in this place.
 C = Inter-level travel time spent in this place.
 D = Time resting spent in this place.
 E = Time spent auto-exploring this place.
 F = Levels seen in this place.
 G = Mean time per level.
                   A        B        C        D        E       F      G
               +--------+--------+--------+--------+--------+-----+--------+
         Total |   9401 |   9084 |    317 |   2076 |   5413 |   9 | 1044.6 |
       Dungeon |   8579 |   8273 |    306 |   2076 |   4792 |   8 | 1072.4 |
        Temple |    821 |    810 |     11 |      0 |    621 |   1 |  821.0 |
               +--------+--------+--------+--------+--------+-----+--------+

Top non-repeatable levels by time:
     D:5: 1531 daAuts
     D:3: 1382 daAuts
     D:6: 1323 daAuts
     D:4: 1303 daAuts
     D:1: 1010 daAuts
     D:7: 960 daAuts
     D:2: 946 daAuts
  Temple: 821 daAuts
     D:8: 121 daAuts
